 Dungeon Crawl Stone Soup version 0.30.2 (webtiles) character file.

Game seed: 13981945842054661118

1852 porpoise the Digger (level 9, -1/52 HPs)
             Began as a Gargoyle Earth Elementalist on Apr 12, 2024.
             Constricted to death by a kobold demonologist (5 damage)
             ... on level 6 of the Dungeon.
             The game lasted 00:18:26 (6400 turns).

porpoise the Digger (Gargoyle Earth Elementalist)   Turns: 6400, Time: 00:18:28

Health: -1/52      AC: 12    Str: 13      XL:     9   Next: 12%
Magic:  12/16      EV:  9    Int: 19      God:
Gold:   374        SH:  0    Dex:  8 (10) Spells: 10/18 levels left

rFire   + . .        a - +0 short sword
rCold   . . .        (no shield)
rNeg    + . .        M - +0 steam dragon scales
rPois   ∞            (no helmet)
rElec   +            (no cloak)
rCorr   .            (no gloves)
SInv    +            u - +0 pair of boots
Will    .....        (no amulet)
Stlth   ++           p - ring of see invisible
HPRegen 0.28/turn    z - ring of protection from fire
MPRegen 0.15/turn

%: no passive effects
@: grasped by roots, constricted
A: sickness immunity, AC +6, negative energy resistance 1, electricity
resistance, torment resistance 1, petrification resistance
a: no special abilities


You were on level 6 of the Dungeon.
You visited 2 branches of the dungeon, and saw 7 of its levels.

You collected 374 gold pieces.

Inventory:

Hand Weapons
 a - a +0 short sword (weapon)
 b - a +0 sling
Missiles
 i - 5 javelins
 v - 2 boomerangs
Armour
 e - a +0 robe
 u - a +0 pair of boots (worn)
 E - a +0 leather armour of willpower
 M - +0 steam dragon scales (worn)
Magical Staves
 o - a staff of cold
 y - a staff of air
Jewellery
 p - a ring of see invisible (left hand)
 w - a +4 ring of protection
 z - a ring of protection from fire (right hand)
Wands
 x - a wand of roots (9)
 F - a wand of digging (6)
 J - a wand of flame (20)
 L - a wand of quicksilver (4)
Scrolls
 d - 3 scrolls of vulnerability
 f - a scroll of amnesia {unknown}
 g - a scroll of enchant weapon {unknown}
 k - a scroll of teleportation
 r - a scroll of silence
 s - a scroll of immolation
 C - a scroll of blinking {unknown}
 D - a scroll of fog {unknown}
 K - a scroll of fear {unknown}
Potions
 c - 4 potions of curing
 h - a potion of magic
 j - 3 potions of flight
 l - a potion of cancellation {unknown}
 m - 4 potions of attraction
 n - 2 potions of ambrosia {unknown}
 q - a potion of resistance {unknown}
 t - a potion of brilliance {unknown}
 A - a potion of berserk rage {unknown}
 B - 3 potions of mutation {unknown}
 G - a potion of might {unknown}
 H - a potion of haste {unknown}
 I - 2 potions of lignification {unknown}


   Skills:
 + Level 4.0 Fighting
 + Level 3.5 Dodging
 - Level 2.1 Stealth
 - Level 5.0 Spellcasting
 - Level 5.0 Conjurations
 - Level 0.7 Transmutations
 - Level 7.0 Earth Magic
 + Level 3.5 Poison Magic
 + Level 3.2 Evocations


You had 10 spell levels left.
You knew the following spells:

 Your Spells              Type           Power      Damage    Failure   Level
a - Sandblast             Erth           62%        2d14      1%          1
b - Stone Arrow           Conj/Erth      54%        3d10      3%          3
o - Olgreb's Toxic Radia  Pois           18%        N/A       28%         4

Your spell library contained the following spells:

 Spells                   Type           Power      Damage    Failure   Level
 Passwall                 Tmut/Erth      15%        N/A       3%          2
 Sting                    Tmut/Pois      48%        1d5       5%          1
 Poisonous Vapours        Pois/Air       22%        N/A       9%          2
 Petrify                  Tmut/Erth      19%        N/A       26%         4


Dungeon Overview and Level Annotations

Branches:
Dungeon (6/15)             Temple (1/1) D:6

Altars:
Ashenzari
Cheibriados
Dithmenos
Fedhas
Gozag
Hepliaklqana
Makhleb
Nemelex Xobeh
Okawaru
Qazlal
Ru
Trog
Uskayaw
Xom
Zin
The Shining One

Shops:
D:1 :


Innate Abilities, Weirdness & Mutations

You are immune to sickness and miasma.
Your stone body is resilient. (AC +6)
You are immune to poison.
You resist negative energy. (rN+)
You are resistant to electric shocks. (rElec)
You are resistant to unholy torment.
You are immune to petrification.


Message History

The quasit claws you but does no damage.
The quasit barely misses you.
The kobold demonologist zaps a wand.
The roots erupt in riotous growth!
The grasping roots grab you!
The quasit is unaffected.
The ufetubus is unaffected.
The quasit is unaffected.
The kobold demonologist is unaffected.
The grasping roots constrict you.
The ufetubus hits you but does no damage.
The ufetubus barely misses you. The quasit barely misses you.
The quasit claws you but does no damage. x2
The quasit bites you but does no damage.
The quasit claws you.
You feel clumsy.
The quasit claws you but does no damage.
Casting: Sandblast (safe; 1% risk of failure)
Confirm with . or Enter, or press ? or * to list all spells.
Aiming: Sandblast (safe; 1% risk of failure)
Press: ? - help, Shift-Dir - straight line, f/p - kobold demonologist
Aim: a kobold demonologist, wielding a +0 dagger, wearing a +1 robe of cold resistance and carrying a wand of roots (6) (moderately wounded, 78% to hit)
The blast of sand misses the kobold demonologist.
The ufetubus barely misses you. The ufetubus completely misses you.
The quasit bites you but does no damage.
The quasit claws you.
The quasit claws you but does no damage.
The quasit bites you but does no damage.
The quasit barely misses you.
The quasit claws you but does no damage.
The kobold demonologist hits you with a +0 dagger.
The grasping roots constrict you!
* * * LOW HITPOINT WARNING * * *
The ufetubus closely misses you. The ufetubus barely misses you.
The quasit bites you but does no damage.
The quasit closely misses you. The quasit barely misses you.
The quasit bites you but does no damage.
The quasit claws you.
* * * LOW HITPOINT WARNING * * *
The quasit claws you but does no damage.
The kobold demonologist hits you with a +0 dagger.
* * * LOW HITPOINT WARNING * * *
The grasping roots constrict you.
You die...

# ##. ..# . #.
.)###..#
#..#.###..#...#
#............#
≈.
..#.#.......#
~. .....[.....#
≈. .
#.##.5K...# ..
.. #.#.5@)..# .
.. #..5....#
#.#.#..###.#
#.##.##..# ..
#........# ##
##.####.##
#......#
######.# #.#


You could see a kobold demonologist, 2 quasits and an ufetubus (summoned).

Vanquished Creatures
  Maggie (D:6)
  Edmund (D:5)
  Duvessa (D:5)
  2 ice beasts
  2 phantoms (D:5)
  3 scorpions
  A gnoll sergeant (D:5)
  Dowan (D:5)
  6 killer bees (D:6)
  A gnoll bouda (D:5)
  5 hounds
  2 sleepcaps (D:5)
  2 orc priests (D:5)
  3 gnolls (D:5)
  4 adders
  An ufetubus (D:4)
  4 worms
  7 dart slugs
  14 orcs
  3 endoplasms (D:1)
  A giant cockroach (D:1)
  6 goblins
  9 hobgoblins
  15 jackals
  6 quokkas
  3 ball pythons
  6 bats
  2 frilled lizards
  11 kobolds
  5 rats
128 creatures vanquished.

Notes
Turn   | Place    | Note
-------+----------+-------------------------------------------
     0 | D:1      | porpoise the Gargoyle Earth Elementalist began the quest
                  | for the Orb.
     0 | D:1      | Reached XP level 1. HP: 10/10 MP: 3/3
   171 | D:1      | Reached XP level 2. HP: 15/15 MP: 3/5
   172 | D:1      | Reached skill level 4 in Earth Magic
   718 | D:1      | Reached XP level 3. HP: 19/19 MP: 4/6
  1170 | D:1      | Found a transporter.
  1172 | D:1      | Found Xaesidu's Book Boutique.
  1230 | D:1      | Found a transporter.
  1581 | D:2      | Reached XP level 4. HP: 24/24 MP: 8/8
  1691 | D:2      | Reached skill level 5 in Earth Magic
  2085 | D:2      | Learned a level 3 spell: Stone Arrow
  2574 | D:3      | Found a sparkling altar of Nemelex Xobeh.
  2686 | D:3      | Reached skill level 1 in Conjurations
  2686 | D:3      | Reached XP level 5. HP: 28/28 MP: 3/10
  3286 | D:4      | Noticed an ice beast
  3293 | D:4      | Killed an ice beast
  3294 | D:4      | Reached XP level 6. HP: 11/32 MP: 6/11
  3473 | D:4      | Reached skill level 6 in Earth Magic
  3531 | D:4      | Found a glowing silver altar of Zin.
  3942 | D:4      | Found a sacrificial altar of Ru.
  3942 | D:4      | Found a burning altar of Makhleb.
  4275 | D:4      | Found an iron altar of Okawaru.
  4440 | D:4      | Reached XP level 7. HP: 33/36 MP: 4/13
  4535 | D:5      | Entered Level 5 of the Dungeon
  4955 | D:5      | Found a shadowy altar of Dithmenos.
  4964 | D:5      | Reached skill level 5 in Spellcasting
  4964 | D:5      | Reached skill level 7 in Earth Magic
  5055 | D:5      | Reached skill level 5 in Conjurations
  5060 | D:5      | Learned a level 4 spell: Olgreb's Toxic Radiance
  5098 | D:5      | Reached skill level 1 in Fighting
  5098 | D:5      | Reached XP level 8. HP: 43/43 MP: 6/15
  5161 | D:5      | Noticed Dowan
  5163 | D:5      | Noticed Duvessa
  5165 | D:5      | Reached skill level 1 in Poison Magic
  5165 | D:5      | Reached skill level 1 in Evocations
  5175 | D:5      | Killed Duvessa
  5179 | D:5      | Killed Dowan
  5310 | D:5      | Noticed Edmund
  5321 | D:5      | Killed Edmund
  5728 | D:6      | Found a staircase to the Ecumenical Temple.
  5739 | Temple   | Entered the Ecumenical Temple
  5795 | D:6      | Noticed a kobold demonologist
  5808 | D:6      | Noticed an orange demon
  5816 | D:6      | Noticed a sun demon
  6276 | D:6      | Noticed Maggie
  6281 | D:6      | Killed Maggie
  6282 | D:6      | Reached XP level 9. HP: 52/52 MP: 4/16
  6400 | D:6      | Constricted to death by a kobold demonologist

Illustrated notes

Levels and vault maps discovered:
D:1:      lightli_arrival_windingriver, layout_basic, serial_shops,
          nicolae_shop_drivethru, minmay_pentomino_r2
D:2:      layout_loops_cross, chequers_serial_rivers_micro_e
D:3:      layout_rooms, nemelex_altar_shiori
D:4:      layout_cave_pods, okawaru_metal_pillars_1_2,
          mainiacjoe_overflow_cross_hatched, gammafunk_temple_overflow_statue,
          amethyst_killhole
D:5:      layout_rooms, grunt_dithmenos_shadows, nicolae_grassy_gnolls,
          uniq_duvessa, uniq_edmund
D:6:      layout_loops_ring, elyvilon_altar_3, minmay_temple_entry_purple_smoke,
          ebering_ghost_sewer_d, serial_shops, nicolae_shop_gaudy_bauble,
          minmay_misc_feat_square, kennysheep_generic_room_8, uniq_maggie
Temple:   nicolae_temple_ecumenical_triangle

Skill      XL: |  1  2  3  4  5  6  7  8 |
---------------+-------------------------+-----
Earth Magic    | 4 5 6 7 |  7.0
Spellcasting   | 3 4 5 |  5.0
Conjurations   | 1 2 3 5 |  5.0
Fighting       | 1 4 |  4.0
Dodging        | 3 |  3.5
Poison Magic   | 3 |  3.5
Evocations     | 3 |  3.2
Stealth        | |  2.1
Transmutations | |  0.7

Action                     |  1- 3 |  4- 6 |  7- 9 || total
---------------------------+-------+-------+-------++-------
  Melee: Unarmed           |     5 |       |       ||     5
         Dagger            |     6 |       |       ||     6
         Short sword       |    19 |    12 |     4 ||    35
   Fire: Sling             |     4 |    78 |    26 ||   108
   Cast: Sandblast         |    43 |    79 |    75 ||   197
         Stone Arrow       |       |     2 |    10 ||    12
    Use: Scroll            |       |     5 |     2 ||     7
 Armour: Robe              |    16 |    24 |    35 ||    75
         Steam dragon scal |       |       |    48 ||    48
  Dodge: Dodged            |    35 |    57 |   107 ||   199
